 Dungeon Crawl Stone Soup version 0.23.0 (webtiles) character file.

Game seed: 16485207412632127076

13587 dvd the Cleaver (level 11, 0/107 HPs)
             Began as a Troll Fighter on Feb 15, 2019.
             Slain by a four-headed hydra (13 damage)
             ... on level 11 of the Dungeon.
             The game lasted 00:34:31 (11030 turns).

dvd the Cleaver (Troll Fighter)                    Turns: 11030, Time: 00:34:32

Health: 0/107      AC: 11    Str: 26    XL:     11   Next: 77%
Magic:  10/10      EV: 12    Int:  4    God:
Gold:   695        SH: 12    Dex: 12    Spells: 10/10 levels left

rFire    + . .     SeeInvis .   M - +0 spear (venom)
rCold    . . .     Gourm    +   c - +1 shield
rNeg     . . .     Faith    .   Q - +2 robe {rF+}
rPois    .         Spirit   .   (helmet restricted)
rElec    .         Reflect  .   J - scarf {cloud immunity}
rCorr    .         Harm     .   (gloves unavailable)
MR       +....                  (boots unavailable)
Stlth    ++........             (no amulet)
HPRegen  0.67/turn              I - ring of protection from magic
MPRegen  0.12/turn              K - +3 ring of protection

@: no status effects
A: large, unfitting armour, claws 3, fast metabolism 3, gourmand, regeneration
1, shaggy fur 1, tough skin 3
a: no special abilities


You were on level 11 of the Dungeon.
You were hungry.

You visited 3 branches of the dungeon, and saw 13 of its levels.
You also visited: Ossuary and Bailey.

You collected 695 gold pieces.

Inventory:

Hand Weapons
 a - a +0 flail
 m - a +1 war axe
 M - a +0 spear of venom (weapon)
 N - a +4 giant spiked club
 R - a +0 flail
Missiles
 r - 13 tomahawks
 X - 8 tomahawks of returning (quivered)
Armour
 c - a +1 shield (worn)
 J - a scarf of cloud immunity (worn)
 Q - a +2 robe of fire resistance (worn)
Magical Staves
 L - an uncursed staff of fire
Jewellery
 p - an uncursed ring of flight
 D - an uncursed ring of resist corrosion
 G - an uncursed ring of fire
 H - an uncursed ring of see invisible
 I - a ring of protection from magic (left claw)
 K - a +3 ring of protection (right claw)
 O - an uncursed ring of ice
Wands
 b - a wand of iceblast (5)
 t - a wand of polymorph (7)
 E - a wand of random effects (48)
 P - a wand of digging (10)
 W - a wand of enslavement (13)
Scrolls
 h - 9 scrolls of identify
 k - 4 scrolls of teleportation
 l - 5 scrolls of remove curse
 n - a scroll of enchant armour
 u - a scroll of magic mapping
 v - a scroll of fog
 y - a scroll of vulnerability
 F - 3 scrolls of enchant weapon
 S - a scroll of immolation
 U - a scroll of blinking
Potions
 d - a potion of might
 e - 4 potions of flight {unknown}
 g - 2 potions of magic {unknown}
 i - 2 potions of brilliance {unknown}
 j - 2 potions of agility
 o - 7 potions of curing
 q - a potion of lignification {unknown}
 w - 5 potions of heal wounds {unknown}
 x - 4 potions of mutation {unknown}
 z - 4 potions of degeneration {unknown}
 A - a potion of resistance
 B - 3 potions of haste
 C - 2 potions of cancellation {unknown}
Comestibles
 f - 22 rations


   Skills:
 + Level 6.4 Fighting
 + Level 10.4(10.5) Axes
 + Level 2.6(7.7) Maces & Flails
 + Level 1.2(6.7) Polearms
 + Level 3.6 Throwing
 + Level 7.1 Dodging
 + Level 2.0 Stealth
 + Level 6.9 Shields
 + Level 0.7 Evocations


You had 10 spell levels left.
You didn't know any spells.
Your spell library contained the following spells:

 Spells                   Type           Power        Failure   Level  Hunger
 Apportation              Tloc           #.....       65%         1    ##.....
 Sting                    Conj/Pois      #...         65%         1    ##.....
 Summon Butterflies       Summ           #.......     65%         1    ##.....
 Poisonous Vapours        Pois/Air       #.....       80%         2    ###....
 Throw Frost              Conj/Ice       #.....       80%         2    ###....
 Dazzling Spray           Conj/Hex       #.....       95%         3    ####...
 Lesser Beckoning         Tloc           #.........   95%         3    ####...
 Mephitic Cloud           Conj/Pois/Air  #.......     95%         3    ####...
 Stone Arrow              Conj/Erth      #.....       95%         3    ####...
 Tukima's Dance           Hex            #.......     95%         3    ####...
 Force Lance              Conj/Tloc      #.......     100%        4    #####..
 Olgreb's Toxic Radiance  Pois           #.......     100%        4    #####..
 Alistair's Intoxication  Tmut/Pois      #.......     100%        5    ######.
 Venom Bolt               Conj/Pois      #.........   100%        5    ######.
 Invisibility             Hex            #.......     100%        6    #######
 Controlled Blink         Tloc           N/A          100%        8    #######


Dungeon Overview and Level Annotations

Branches:
Dungeon (11/15)            Temple (1/1) D:6            Lair (1/6) D:11
    Orc (0/2) D:11

Altars:
Dithmenos
Fedhas
Gozag
Hepliaklqana
Kikubaaqudgha
Zin
The Shining One

Shops:
D:5 *   D:11 (


Innate Abilities, Weirdness & Mutations

You are too large for most types of armour.
You have claws for hands.
Your metabolism is lightning-fast.
You like to eat raw meat.
Your natural rate of healing is unusually fast.
You are covered in fur. (AC +1)
You have extremely tough skin. (AC +3)


Message History

You block the four-headed hydra's attack.
The four-headed hydra bites you!
* * * LOW HITPOINT WARNING * * *
The four-headed hydra bites you but does no damage.
You puncture the four-headed hydra!
The four-headed hydra is moderately wounded.
You block the four-headed hydra's attack.
The four-headed hydra bites you.
* * * LOW HITPOINT WARNING * * *
The four-headed hydra misses you.
The four-headed hydra barely misses you.
You hit the four-headed hydra.
The four-headed hydra is moderately wounded.
The four-headed hydra bites you!
* * * LOW HITPOINT WARNING * * *
The four-headed hydra bites you.
* * * LOW HITPOINT WARNING * * *
The four-headed hydra closely misses you.
The four-headed hydra bites you!
You die...

..(..##........# #.#
.....##.######## #.#
#.#####.##########.#
#.# #..##......#.#
#.#####.#.#.####.#.#
.......###..##.(...#
.....##.#......#.###
####.###.##.####D#
####.# ####.####@#
..##.# #..[>..#
#.##.# ########
#.##.# .....# #.##.#
#.##.# ..##.# ####.#


You could see a four-headed hydra.

Vanquished Creatures
  Harold (D:11)
  Erolcha (D:11)
  A two-headed ogre (D:10)
  3 cyclopes (D:11)
  2 ugly things (D:10)
  Psyche (D:8)
  A troll (D:9)
  4 hippogriffs
  A shadow (D:9)
  A spriggan (D:7)
  2 wyverns
  11 yaks
  A vampire (D:7)
  Grum (D:11)
  A vampire mosquito (D:10)
  Menkaure (D:6)
  A water moccasin (D:11)
  Duvessa (D:6)
  An ice beast (D:11)
  4 orc warriors
  6 sky beasts
  6 black bears
  3 wolves (D:11)
  5 centaurs
  4 ogres
  2 big kobolds
  3 bullfrogs
  A wyvern zombie (Ossuary)
  A scorpion (D:9)
  A water moccasin skeleton (D:7)
  Dowan (D:6)
  3 howler monkeys
  3 crimson imps
  2 bullfrog zombies
  2 centaur zombies
  A quasit (D:10)
  9 hounds
  4 jellies
  13 mummies (Ossuary)
  10 orc priests
  Jessica (D:3)
  A bullfrog skeleton (D:10)
  A centaur skeleton (D:10)
  Terence (D:3)
  4 iguanas
  10 orc wizards
  8 worker ants
  A hound zombie (D:10)
  A hound skeleton (D:8)
  2 worker ant zombies (Ossuary)
  A howler monkey zombie (Ossuary)
  6 gnolls
  11 adders
  A white imp (D:4)
  An ooze (D:1)
  5 adder zombies
  An adder skeleton (D:4)
  6 worms
  2 dart slugs
  9 leopard geckos
  43 orcs
  5 giant cockroaches
  9 goblins
  11 hobgoblins
  8 jackals
  2 quokkas
  A ball python (D:1)
  A ball python zombie (Ossuary)
  6 bats
  10 frilled lizards
  3 goblin zombies (D:4)
  4 hobgoblin zombies (D:4)
  A jackal zombie (Ossuary)
  17 kobolds
  A kobold skeleton (D:4)
  2 orc skeletons (D:4)
  A quokka zombie (Ossuary)
  7 rats
325 creatures vanquished.

Vanquished Creatures (collateral kills)
  A sky beast (D:10)
1 creature vanquished.

Vanquished Creatures (others)
  A withered plant (Ossuary)
1 creature vanquished.

Grand Total: 327 creatures vanquished

Notes
Turn   | Place    | Note
-------+----------+-------------------------------------------
     0 | D:1      | dvd the Troll Fighter began the quest for the Orb.
     0 | D:1      | Reached XP level 1. HP: 22/22 MP: 0/0
    64 | D:1      | Reached XP level 2. HP: 25/29 MP: 1/1
   440 | D:1      | Reached XP level 3. HP: 25/36 MP: 2/2
   947 | D:2      | Reached XP level 4. HP: 36/44 MP: 3/3
  1105 | D:2      | Found an opulent altar of Gozag.
  1139 | D:2      | Reached skill level 1 in Axes
  1388 | D:2      | Found a blossoming altar of Fedhas.
  1426 | D:3      | Reached XP level 5. HP: 38/52 MP: 4/4
  1498 | D:3      | Noticed Terence
  1506 | D:3      | Killed Terence
  1660 | D:3      | Noticed Jessica
  1668 | D:3      | Killed Jessica
  1668 | D:3      | Reached skill level 2 in Axes
  1792 | D:3      | Found a glowing silver altar of Zin.
  1793 | D:3      | Found an ancient bone altar of Kikubaaqudgha.
  1902 | D:3      | Reached XP level 6. HP: 49/61 MP: 5/5
  2300 | D:4      | Found a glowing golden altar of the Shining One.
  2413 | D:4      | Found a sand-covered staircase.
  2418 | Ossuary  | Entered an ossuary
  2468 | Ossuary  | Reached skill level 3 in Axes
  2590 | Ossuary  | Reached XP level 7. HP: 40/67 MP: 6/6
  2629 | Ossuary  | Reached skill level 4 in Axes
  3019 | D:4      | Reached skill level 1 in Throwing
  3131 | D:4      | Reached skill level 5 in Axes
  3469 | D:4      | Found a hazy altar of Hepliaklqana.
  3508 | D:5      | Entered Level 5 of the Dungeon
  3525 | D:5      | Reached XP level 8. HP: 75/75 MP: 7/7
  3814 | D:5      | Found a shadowy altar of Dithmenos.
  3900 | D:5      | Found Mepnel's Assorted Antiques.
  4149 | D:6      | Noticed Menkaure
  4159 | D:6      | Killed Menkaure
  4272 | D:6      | Reached skill level 6 in Axes
  4330 | D:6      | Noticed Dowan
  4330 | D:6      | Noticed Duvessa
  4335 | D:6      | Killed Dowan
  4349 | D:6      | HP: 3/78 [Duvessa/+0 short sword (8)]
  4350 | D:6      | Killed Duvessa
  4522 | D:6      | Found a staircase to the Ecumenical Temple.
  4566 | Temple   | Entered the Ecumenical Temple
  4908 | D:6      | Reached XP level 9. HP: 84/84 MP: 8/8
  5524 | D:7      | Reached skill level 5 in Dodging
  5689 | D:7      | Reached skill level 7 in Axes
  5729 | D:8      | Noticed Psyche
  5738 | D:8      | Killed Psyche
  5738 | D:8      | Reached skill level 5 in Shields
  5970 | D:7      | Reached skill level 5 in Fighting
  6105 | D:8      | Reached XP level 10. HP: 93/96 MP: 9/9
  6146 | D:8      | Found a flagged portal.
  6152 | Bailey   | Entered a bailey
  6153 | Bailey   | Noticed an orc knight
  6153 | Bailey   | Noticed an orc knight
  6193 | Bailey   | Reached skill level 8 in Axes
  6538 | D:8      | Reached skill level 1 in Stealth
  7772 | D:9      | Reached skill level 9 in Axes
  7892 | D:10     | Entered Level 10 of the Dungeon
  8178 | D:10     | Noticed a two-headed ogre
  8190 | D:10     | Killed a two-headed ogre
  8190 | D:10     | Reached XP level 11. HP: 38/105 MP: 10/10
  8408 | D:10     | Noticed a seven-headed hydra
  9398 | D:11     | Noticed Erolcha
  9414 | D:11     | Killed Erolcha
  9833 | D:11     | Noticed Grum
  9850 | D:11     | Killed Grum
  9857 | D:11     | Reached skill level 10 in Axes
  9871 | D:11     | Found a staircase to the Lair.
  9893 | D:11     | Found a staircase to the Orcish Mines.
  9895 | D:11     | Found Hicifuts's Weapon Boutique.
 10022 | D:11     | Identified the Collected Works on Orientation and
                  | Confrontation
 10029 | D:11     | Noticed Harold
 10050 | D:11     | Killed Harold
 10066 | D:11     | Noticed a brown ugly thing
 10198 | D:10     | Killed a brown ugly thing
 10363 | D:11     | Noticed a red ugly thing
 10509 | D:10     | Killed a red ugly thing
 10705 | D:11     | Reached skill level 1 in Polearms
 10955 | Lair:1   | Entered Level 1 of the Lair of Beasts
 10955 | Lair:1   | Noticed a four-headed hydra
 11030 | D:11     | Slain by a four-headed hydra

Skill      XL: |  1  2  3  4  5  6  7  8  9 10 11 |
---------------+----------------------------------+-----
Maces & Flails | 2 |  2.6
Shields        | 3 4 5 6 |  6.9
Axes           | 1 2 3 5 6 7 9 10 | 10.4
Fighting       | 3 4 5 6 |  6.4
Dodging        | 3 4 5 6 7 |  7.1
Throwing       | 1 2 3 |  3.6
Stealth        | 1 2 |  2.0
Polearms       | 1 |  1.2
Evocations     | |  0.7

Action                   |  1- 3 |  4- 6 |  7- 9 | 10-12 || total
-------------------------+-------+-------+-------+-------++-------
Melee: Flail             |    92 |       |       |       ||    92
       War axe           |    23 |   257 |   422 |   455 ||  1157
       Spear             |       |       |       |    64 ||    64
Throw: Tomahawk          |       |     2 |    33 |    65 ||   100
Evoke: Wand              |       |       |     3 |    13 ||    16
  Use: Scroll            |       |       |     1 |    15 ||    16
       Potion            |       |       |     1 |     4 ||     5
 Stab: Sleeping          |       |     2 |       |     6 ||     8
       Invisible         |       |       |       |     5 ||     5
  Eat: Chunk             |    15 |    14 |    36 |    38 ||   103
Armor: Robe              |    43 |    78 |   164 |   164 ||   449
Dodge: Dodged            |    44 |    90 |   182 |   254 ||   570
Block: Shield            |    57 |   122 |   216 |   317 ||   712
